 Dungeon Crawl Stone Soup version 0.28-b1-25-g9875b3fc8c (webtiles) character file.

Game seed: 16731582827538038970

14072 pkoi the Severer (level 11, -1/101 HPs)
             Began as a Minotaur Gladiator on Jan 31, 2022.
             Was a High Priest of Okawaru.
             Slain by a frost giant (20 damage)
             ... on level 12 of the Dungeon.
             The game lasted 00:14:08 (14393 turns).

pkoi the Severer (Minotaur Gladiator)              Turns: 14393, Time: 00:14:09

Health: -1/101     AC: 22    Str: 29    XL:     11   Next: 83%
Magic:  10/16      EV: 12    Int:  5    God:    Okawaru [*****.]
Gold:   928        SH:  0    Dex: 15    Spells: 10/10 levels left

rFire   . . .      SeeInvis .   a - +0 war axe (vorpal)
rCold   + . .      Faith    .   (no shield)
rNeg    . . .      Spirit   .   b - +2 plate armour {rC+}
rPois   .          Reflect  .   (helmet unavailable)
rElec   .          Harm     .   c - scarf {shadows}
rCorr   .          Rampage  .   (no gloves)
Will    +....                   w - +2 pair of boots
Stlth   ..........              (no amulet)
HPRegen 0.26/turn               r - ring of Peace {Str+6 Dex+3}
MPRegen 0.15/turn               p - ring of willpower

@: heroic, finesse-ful, studying Armour
A: horns 3, retaliatory headbutt, hooves 1, robust 1
a: Renounce Religion, Heroism, Finesse, Duel


You were on level 12 of the Dungeon.
You worshipped Okawaru.
Okawaru was extremely pleased with you.
You visited 2 branches of the dungeon, and saw 13 of its levels.
You also visited: Ossuary and Gauntlet.

You collected 1578 gold pieces.
You spent 650 gold pieces at shops.

Inventory:

Hand Weapons
 a - a +0 vorpal war axe (weapon)
Missiles
 d - 4 throwing nets (quivered)
 y - 2 silver boomerangs
Armour
 b - a +2 plate armour of cold resistance (worn)
 c - a scarf of shadows (worn)
 w - a +2 pair of boots (worn)
Jewellery
 j - a ring of fire
 p - a ring of willpower (right hand)
 r - the ring of Peace (left hand) {Str+6 Dex+3}
   (You found it on level 3 of the Dungeon)

   [ring of strength]

   Str:       It affects your strength (+6).
   Dex:       It affects your dexterity (+3).
 x - an amulet of magic regeneration
 C - a ring of poison resistance
Wands
 i - a wand of iceblast (10)
 B - a wand of flame (7)
Scrolls
 f - 2 scrolls of fog
 g - 6 scrolls of identify
 n - 3 scrolls of teleportation
 q - 4 scrolls of blinking
 u - a scroll of enchant weapon {unknown}
Potions
 e - a potion of cancellation
 h - 3 potions of flight
 k - a potion of magic {unknown}
 l - 5 potions of heal wounds
 m - 4 potions of resistance
 o - a potion of brilliance
 s - 2 potions of might
 t - 4 potions of haste
 v - 2 potions of ambrosia
 z - 2 potions of curing
 A - a potion of lignification {unknown}


   Skills:
 + Level 7.2(12.2) Fighting
 - Level 16.0(21.0) Axes
 - Level 2.0(7.0) Throwing
 + Level 9.5(14.5) Armour
 - Level 3.2(8.2) Dodging
 + Level 8.1 Invocations
 + Level 7.4 Evocations


You had 10 spell levels left.
You didn't know any spells.
Your spell library contained the following spells:

 Spells                   Type           Power      Damage    Failure   Level
 Apportation              Tloc           0%         N/A       97%         1
 Freeze                   Ice            0%         1d3       97%         1
 Shock                    Conj/Air       0%         1d3       97%         1
 Ensorcelled Hibernation  Hex/Ice        0%         N/A       99%         2
 Passwall                 Tmut/Erth      0%         N/A       99%         2
 Frozen Ramparts          Ice            0%         1d2       100%        3
 Portal Projectile        Hex/Tloc       0%         N/A       100%        3
 Swiftness                Air            0%         N/A       100%        3
 Airstrike                Air            0%         N/A       100%        4
 Hailstorm                Conj/Ice       0%         3d3       100%        4
 Ice Form                 Ice/Tmut       0%         N/A       100%        4
 Olgreb's Toxic Radiance  Pois           0%         N/A       100%        4
 Blade Hands              Tmut           0%         N/A       100%        5
 Excruciating Wounds      Necr           0%         N/A       100%        5
 Ozocubu's Refrigeration  Ice            0%         4d5       100%        7
 Ignition                 Fire           0%         3d3       100%        8
 Animate Skeleton         Necr           Unusable   N/A       N/A         1
 Summon Small Mammal      Summ           Unusable   N/A       N/A         1
 Summon Ice Beast         Ice/Summ       Unusable   N/A       N/A         4

Dungeon Overview and Level Annotations

Branches:
Dungeon (12/15)            Temple (1/1) D:7            Lair (0/6) D:9
    Orc (0/2) D:9         Ossuary (visited)         Gauntlet (visited)

Altars:
Ashenzari
Cheibriados
Dithmenos
Elyvilon
Fedhas
Gozag
Hepliaklqana
Kikubaaqudgha
Makhleb
Nemelex Xobeh
Okawaru
Qazlal
Ru
Sif Muna
Trog
Uskayaw
Vehumet
Wu Jian
Xom
Yredelemnul
Zin
The Shining One

Shops:
D:1 =   D:10 [

Annotations:
D:3 1 runed translucent door, Crazy Yiuf


Innate Abilities, Weirdness & Mutations

You have a pair of large horns on your head.
You reflexively headbutt those who attack you in melee.
You have large cloven feet.
You are robust. (+10% HP)


Message History

The brown ugly thing is lightly wounded.
Unknown command.
You closely miss the brown ugly thing.
The brown ugly thing is lightly wounded.
The brown ugly thing gores you.
You are splashed with acid!
Unknown command.
You hit the brown ugly thing. You headbutt the brown ugly thing!
The brown ugly thing is moderately wounded.
Unknown command.
You slash the brown ugly thing! You headbutt the brown ugly thing!
The brown ugly thing is heavily wounded.
Unknown command.
You hit the brown ugly thing but do no damage.
The brown ugly thing is heavily wounded.
The brown ugly thing gores you.
You are splashed with acid!
Unknown command.
You slash the brown ugly thing!
The brown ugly thing is severely wounded.
Unknown command.
You slice the brown ugly thing!!
You kill the brown ugly thing!
Okawaru accepts your kill. The frost giant casts a spell at you.
The bolt of cold hits you! You resist.
You hear two shouts!
Unknown command.
The frost giant casts a spell at you. The bolt of cold hits you! You resist.
* * * LOW HITPOINT WARNING * * *
Items here: ( ) ††.
You slash the frost giant!
The frost giant is lightly wounded.
Unknown command.
You hit the frost giant but do no damage.
The frost giant is lightly wounded.
Unknown command.
You slice the frost giant!!
The frost giant is heavily wounded.
The frost giant hits you with a +2 battleaxe of freezing!!
You die... .........# #.....#._. ####.....# #(....#### . #......# ... #......##. . #......# ##### #......#.. #......# ##...## #......... ##.....# ..#.. #......... ##....# .Ck

#......... # ####.## ###C###
##......... #.
#>#...#!#@#(#...#......... #.
#.#.#..(#[#$..#.#.........
..######.#...#(#†#(#...#.........
.........#######.#######.#......#
....####.................#...##.#
......(.....#.#..<....)......##.#
....###.........####.#..###..##.#
........#...............# #..##.#
.....####...............###...∩..


You could see a frost giant, a wind drake shaped shifter and a cyclops.

Vanquished Creatures
  2 boulder beetles
  2 two-headed ogres
  A centaur warrior (D:12)
  Pikel (D:7)
  A deep elf pyromancer (D:11)
  A wolf spider (D:12)
  An ugly thing (D:12)
  4 cyclopes
  An unseen horror (D:12)
  A komodo dragon (D:12)
  3 trolls
  Sigmund (D:4)
  2 shadows
  2 wyverns
  10 yaks
  A steam dragon (D:10)
  Edmund (D:5)
  4 water moccasins
  2 orc warriors
  A sky beast (D:8)
  2 ice beasts
  4 black bears
  3 centaurs
  3 lemures (D:7)
  A kobold brigand (D:9)
  4 bullfrogs
  3 scorpions
  2 water moccasin skeletons (D:5)
  A wyvern skeleton (D:7)
  3 wights (D:10)
  7 howler monkeys
  4 centaur zombies
  A human zombie (Ossuary)
  A bullfrog zombie (D:5)
  A hound (D:5)
  A jelly (D:5)
  A centaur skeleton (D:7)
  3 orc priests
  A gnoll shaman (D:6)
  2 iguanas
  4 orc wizards
  A killer bee zombie (D:6)
  2 hound zombies (Ossuary)
  A hound skeleton (D:5)
  4 mummies (Ossuary)
  2 howler monkey zombies (D:7)
  5 gnolls (D:6)
  A howler monkey skeleton (D:7)
  8 adders
  A shadow imp (D:6)
  A white imp (D:4)
  An ufetubus (D:4)
  3 worms
  4 dart slugs
  17 orcs
  2 bats
  5 endoplasms
  4 giant cockroaches
  3 gnoll zombies (Ossuary)
  7 goblins
  3 hobgoblins
  5 kobolds
  A quokka (D:3)
  7 ball pythons
  2 frilled lizards
  A goblin zombie (Ossuary)
  A jackal zombie (Ossuary)
  2 kobold zombies (Ossuary)
  4 rats
  2 rat zombies (Ossuary)
194 creatures vanquished.

Vanquished Creatures (others)
  A demonic plant (Gauntlet)
  34 fungi
  50 plants
85 creatures vanquished.

Grand Total: 279 creatures vanquished

Notes
Turn   | Place    | Note
-------+----------+-------------------------------------------
     0 | D:1      | pkoi the Minotaur Gladiator began the quest for the Orb.
     0 | D:1      | Reached XP level 1. HP: 18/18 MP: 0/0
    80 | D:1      | Reached skill level 4 in Axes
   233 | D:1      | Found Ucleih's One-of-a-Kind Rings.
   241 | D:1      | Reached XP level 2. HP: 18/25 MP: 1/1
  1117 | D:2      | Reached skill level 5 in Axes
  1394 | D:2      | Found a sacrificial altar of Ru.
  1414 | D:2      | Found a faded altar of an unknown god.
  1501 | D:2      | Became a worshipper of Ru the Awakened
  1528 | D:3      | Reached XP level 3. HP: 30/30 MP: 2/2
  1979 | D:3      | Found a runed translucent door.
  1980 | D:3      | Noticed Crazy Yiuf
  2118 | D:3      | Identified the ring of Peace {Str+6 Dex+3}
  2188 | D:3      | Reached skill level 6 in Axes
  2188 | D:3      | Reached XP level 4. HP: 37/37 MP: 3/3
  2560 | D:4      | Noticed a scorpion
  2568 | D:4      | Killed a scorpion
  2703 | D:4      | Noticed Sigmund
  2770 | D:4      | Reached XP level 5. HP: 40/42 MP: 4/4
  2800 | D:4      | Reached skill level 7 in Axes
  2877 | D:4      | Identified the +2 trident of Ascent {vorpal, Stlth+}
  2881 | D:4      | Found a sand-covered staircase.
  2890 | Ossuary  | Entered an ossuary
  3253 | Ossuary  | Reached skill level 8 in Axes
  3366 | Ossuary  | Reached XP level 6. HP: 39/50 MP: 5/5
  3597 | D:4      | Gained mutation: You are robust. (+10% HP) [potion of
                  | mutation]
  3597 | D:4      | Gained mutation: You have a pair of large horns on your
                  | head. [potion of mutation]
  3597 | D:4      | Gained mutation: You have large cloven feet. [potion of
                  | mutation]
  3605 | D:4      | Killed Sigmund
  3606 | D:4      | Reached skill level 9 in Axes
  3892 | D:5      | Entered Level 5 of the Dungeon
  3951 | D:5      | Reached XP level 7. HP: 53/61 MP: 6/6
  3953 | D:5      | Reached skill level 10 in Axes
  4618 | D:5      | Reached skill level 11 in Axes
  4805 | D:5      | Noticed Edmund
  4817 | D:5      | Killed Edmund
  5437 | D:5      | Reached XP level 8. HP: 59/68 MP: 7/7
  5575 | D:6      | Reached skill level 12 in Axes
  6005 | D:6      | Identified a scroll of acquirement
  6005 | D:6      | Acquired 847 gold pieces
  6255 | D:7      | Noticed a troll
  6260 | D:7      | Noticed a troll
  6261 | D:7      | Killed a troll
  6269 | D:7      | Reached skill level 13 in Axes
  6272 | D:7      | Killed a troll
  6702 | D:7      | Noticed Pikel
  6713 | D:7      | Killed Pikel
  6714 | D:7      | Reached skill level 14 in Axes
  6714 | D:7      | Reached XP level 9. HP: 14/74 MP: 8/8
  6993 | D:7      | Found an iron altar of Okawaru.
  7009 | D:7      | Found a staircase to the Ecumenical Temple.
  7060 | D:7      | Fell from the grace of Ru
  7060 | D:7      | Became a worshipper of Warmaster Okawaru
  7076 | Temple   | Entered the Ecumenical Temple
  7442 | D:7      | Reached skill level 1 in Invocations
  7485 | D:7      | Reached skill level 1 in Evocations
  8232 | D:8      | Identified the +1 spear "Doil" {flame, rN+ Str+3 SInv}
  8274 | D:8      | Reached * piety under Okawaru
  8275 | D:8      | Reached skill level 15 in Axes
  8439 | D:8      | Noticed a cyclops
  8448 | D:8      | Killed a cyclops
  8669 | D:9      | Found a bloodstained altar of Trog.
  8743 | D:9      | Reached ** piety under Okawaru
  8856 | D:9      | Reached XP level 10. HP: 52/81 MP: 12/12
  9554 | D:9      | Reached skill level 5 in Invocations
  9578 | D:9      | Noticed a two-headed ogre
  9650 | D:9      | Found a staircase to the Lair.
  9667 | D:9      | Found a staircase to the Orcish Mines.
  9985 | D:9      | Killed a two-headed ogre
  9985 | D:9      | Reached *** piety under Okawaru
  9986 | D:9      | Reached skill level 5 in Evocations
 10148 | D:10     | Entered Level 10 of the Dungeon
 10178 | D:10     | Reached skill level 16 in Axes
 10181 | D:10     | Acquired a manual of Armour
 10210 | D:10     | Reached skill level 1 in Armour
 10214 | D:10     | Reached **** piety under Okawaru
 10856 | D:10     | Noticed a two-headed ogre
 10862 | D:10     | Killed a two-headed ogre
 10951 | D:10     | Reached skill level 5 in Armour
 10951 | D:10     | Reached XP level 11. HP: 81/93 MP: 14/14
 11014 | D:10     | Found Rits's Antique Armour Shoppe.
 11100 | D:10     | Bought a runed plate armour for 650 gold pieces
 11151 | D:10     | Reached ***** piety under Okawaru
 12153 | D:11     | Reached skill level 5 in Fighting
 12557 | D:11     | Noticed a boulder beetle
 12918 | D:10     | Killed a boulder beetle
 13112 | D:11     | Received a gift from Okawaru
 13425 | D:11     | Noticed a deep elf pyromancer
 13438 | D:11     | Killed a deep elf pyromancer
 13744 | D:12     | Found a shimmering altar of Xom.
 13744 | D:12     | Found a shimmering altar of Xom.
 13746 | D:12     | Found a shimmering altar of Xom.
 13762 | D:12     | Found a gate leading to a gauntlet.
 13774 | Gauntlet | Entered a Gauntlet
 13774 | Gauntlet | Found a transporter.
 13780 | Gauntlet | Found a runed translucent gate.
 13781 | Gauntlet | Found a transporter.
 13785 | Gauntlet | Found a runed translucent gate.
 13786 | Gauntlet | Found a runed translucent gate.
 13793 | Gauntlet | Found a transporter.
 13793 | Gauntlet | Found a transporter.
 13815 | Gauntlet | Found a transporter.
 13817 | Gauntlet | Noticed a soul eater
 13823 | Gauntlet | Found a transporter.
 13827 | Gauntlet | Found a transporter.
 13832 | Gauntlet | Noticed a blizzard demon
 13839 | Gauntlet | Found a transporter.
 13852 | Gauntlet | Found a transporter.
 13854 | Gauntlet | Noticed a green death
 13866 | Gauntlet | Found a transporter.
 13870 | Gauntlet | Found a transporter.
 13878 | Gauntlet | Found a transporter.
 14359 | D:12     | Noticed a wolf spider
 14359 | D:12     | Noticed a boulder beetle
 14364 | D:12     | Noticed a centaur warrior
 14365 | D:12     | Killed a wolf spider
 14366 | D:12     | Noticed a brown ugly thing
 14380 | D:12     | Noticed a frost giant
 14381 | D:12     | Killed a centaur warrior
 14381 | D:12     | Killed a boulder beetle
 14381 | D:12     | Identified the +1 chain mail of Sidytyas {Rampage Regen+
                  | Str-3 Int+8} (Okawaru gifted it to you on level 12 of the
                  | Dungeon)
 14381 | D:12     | Received a gift from Okawaru
 14389 | D:12     | Killed a brown ugly thing
 14393 | D:12     | Slain by a frost giant

Illustrated notes

Levels and vault maps discovered:
D:1:      dpeg_arrival_boxes_within_box, layout_basic, nicolae_shop_unique_rings
D:2:      layout_basic, ebering_ecumenical_altar_ruins, basic_altar,
          kennysheep_minor_cross, serial_bayou_lagoon_a
D:3:      layout_loops_ring, minmay_shallow_snake_nest, uniq_crazy_yiuf_cottage
D:4:      layout_rooms, chequers_ossuary_entry_cave, uniq_sigmund, uniq_duvessa
D:5:      layout_loops_ring, uniq_edmund
D:6:      layout_rooms, minmay_misc_feat_chi, serial_park_tiny_2
D:7:      layout_loops_cross, okawaru_gym_becter, minmay_temple_entry_arrows,
          minmay_misc_feat_rugged, uniq_pikel
D:8:      layout_rooms
D:9:      layout_irregular_city, trog_three_pillars_becter,
          due_lair_maze_entry_diamond, orc_0_dummy
D:10:     layout_basic, serial_shops, shop_coins, small_statue_intersection
D:11:     layout_gridville
D:12:     minmay_guarded_unrand_guard, layout_rooms, gauntlet_entry_generic,
          xom_shifter_show
Temple:   mainiacjoe_temple_cubbyholes

Skill      XL: |  1  2  3  4  5  6  7  8  9 10 11 |
---------------+----------------------------------+-----
Axes           | 4 5 6 8 9 11 14 15 16 | 16.0
Invocations    | 4 6 8 |  8.1
Evocations     | 3 6 7 |  7.4
Armour         | 5 9 |  9.5
Fighting       | 4 7 |  7.2
Throwing       | |  2.0
Dodging        | |  3.2

Action                   |  1- 3 |  4- 6 |  7- 9 | 10-12 || total
-------------------------+-------+-------+-------+-------++-------
Melee: War axe           |    75 |    79 |   188 |   207 ||   549
       Headbutt          |     6 |    12 |    29 |    58 ||   105
       Kick              |       |     7 |    41 |       ||    48
       Punch             |       |     1 |     1 |     6 ||     8
Throw: Throwing net      |       |       |       |     1 ||     1
Invok: Heroism           |       |       |       |     3 ||     3
       Finesse           |       |       |       |     1 ||     1
Evoke: Wand              |       |       |       |     1 ||     1
  Use: Potion            |       |     5 |     3 |       ||     8
       Scroll            |       |    12 |     4 |     2 ||    18
 Stab: Sleeping          |     1 |       |     2 |       ||     3
       Distracted        |       |       |     2 |       ||     2
Armor: Leather armour    |    22 |    24 |    30 |    16 ||    92
       Plate armour      |       |       |       |    97 ||    97
Dodge: Dodged            |    46 |    49 |    95 |    90 ||   280
